 Dungeon Crawl Stone Soup version 0.31-a0-1603-gbec6b6ccbf (webtiles) character file.

Game seed: 8926776543078566360

2631 wildpjah the Cleaver (level 9, 0/100 HPs)
             Began as a Minotaur Fighter on Jan 8, 2024.
             Was a Follower of Hepliaklqana.
             Slain by a komodo dragon (20 damage)
             ... on level 7 of the Dungeon.
             The game lasted 00:10:39 (6332 turns).

wildpjah the Cleaver (Minotaur Fighter)             Turns: 6332, Time: 00:10:40

Health: 0/100      AC: 24    Str: 25    XL:     9   Next: 35%
Magic:  8/8        EV:  2    Int:  5    God:    Hepliaklqana [*.....]
Gold:   217        SH:  5    Dex: 10    Spells: 8/8 levels left

rFire   . . .        G - +2 whip (flame)
rCold   . . .        c - +0 buckler
rNeg    . . .        b - melded +0 scale mail
rPois   +            (helmet currently unavailable)
rElec   .            k - melded +0 cloak
rCorr   .            A - melded +1 pair of gloves
SInv    .            C - melded +0 pair of boots
Will    .....        (no amulet)
Stlth   +            (no ring)
HPRegen 0.36/turn    (no ring)
MPRegen 0.11/turn

%: no passive effects
@: brilliant, tree-form
A: stationary, stasis, torment immunity, boosted hp, reduced essence, (horns 2),
(retaliatory headbutt)
a: Renounce Religion, Recall Ancestor, Ancestor Identity


You were on level 7 of the Dungeon.
You worshipped Hepliaklqana.
Hepliaklqana was aware of your devotion.
You were a tree.
You visited 2 branches of the dungeon, and saw 8 of its levels.

You collected 389 gold pieces.
You spent 172 gold pieces at shops.

Inventory:

Hand Weapons
 a - a +0 war axe
 G - a +2 whip of flaming (weapon)
Missiles
 f - 7 poisoned darts
 l - 4 curare-tipped darts
 q - 43 stones
 w - 5 boomerangs (quivered)
Armour
 b - a +0 scale mail (melded)
 c - a +0 buckler (worn)
 k - a +0 cloak (melded)
 x - +0 steam dragon scales
 A - a +1 pair of gloves (melded)
 C - a +0 pair of boots (melded)
Jewellery
 t - a ring of willpower
 v - a ring of resist corrosion
 H - an amulet of faith
Scrolls
 d - 2 scrolls of immolation {unknown}
 e - 2 scrolls of butterflies {unknown}
 g - a scroll of blinking {unknown}
 h - 7 scrolls of identify {unknown}
 i - 2 scrolls of noise {unknown}
 u - a scroll of fog {unknown}
 y - 3 scrolls of teleportation {unknown}
 B - 2 scrolls of enchant armour {unknown}
 D - 3 scrolls of enchant weapon {unknown}
 F - a scroll of vulnerability {unknown}
 I - a scroll of fear {unknown}
Potions
 m - 2 potions of lignification
 n - a potion of brilliance
 o - 2 potions of magic
 p - a potion of enlightenment {unknown}
 r - 2 potions of degeneration {unknown}
 s - a potion of invisibility {unknown}
 z - 2 potions of heal wounds {unknown}
 E - 2 potions of haste {unknown}
 J - a potion of curing {unknown}


   Skills:
 + Level 6.3 Fighting
 + Level 10.2(10.3) Axes
 + Level 1.4(6.6) Maces & Flails
 + Level 1.9 Throwing
 + Level 8.2 Armour
 + Level 3.6 Dodging
 + Level 1.0 Stealth
 + Level 6.0 Shields


You had 8 spell levels left.
You didn't know any spells.
Your spell library contained the following spells:

 Spells                   Type           Power      Damage    Failure   Level
 Cigotuvi's Dreadful Rot  Necr/Alch/Air  0%         N/A       67%         2
 Scorch                   Fire           0%         2d5       67%         2
 Gell's Gravitas          Tloc           0%         N/A       88%         3
 Sigil of Binding         Hex            0%         N/A       88%         3
 Teleport Other           Tloc           0%         N/A       88%         3
 Tukima's Dance           Hex            0%         N/A       88%         3
 Dispel Undead            Necr           0%         3d6       99%         4
 Manifold Assault         Tloc           0%         N/A       99%         4
 Martyr's Knell           Necr/Summ      0%         N/A       99%         4
 Summon Forest            Summ/Tloc      0%         N/A       100%        5
 Summon Mana Viper        Hex/Summ       0%         N/A       100%        5
 Death Channel            Necr           0%         N/A       100%        6
 Dispersal                Tloc           0%         N/A       100%        6
 Summon Cactus Giant      Summ           0%         N/A       100%        6
 Disjunction              Tloc           0%         N/A       100%        8


Dungeon Overview and Level Annotations

Branches:
Dungeon (7/15)             Temple (1/1) D:4

Altars:
Ashenzari
Cheibriados
Elyvilon
Fedhas
Gozag
Hepliaklqana
Kikubaaqudgha
Makhleb
Nemelex Xobeh
Qazlal
Ru
Sif Muna
Trog
Wu Jian
Xom
Yredelemnul
Zin
The Shining One

Shops:
D:5 [


Innate Abilities, Weirdness & Mutations

You are a tree.
Your roots penetrate the ground, keeping you stationary.
You cannot be teleported.
You are immune to unholy pain and torment.
Your maximum health is greatly increased.
Your equipment is partially melded.
Your life essence is reduced to manifest your ancestor. (-10% HP)
((You have a pair of horns on your head.))
((You reflexively headbutt those who attack you in melee.))


Message History

You hit the komodo dragon. You burn the komodo dragon.
The komodo dragon is lightly wounded.
The howler monkey hoots and howls with incredible vigour!
The komodo dragon bites you.
You hear a shout!
You hear a bark!
You hear an angry hiss.
You hear an angry buzzing noise. x3
You bump into the stone wall.
You feel less invigorated.
You feel less confused.
The komodo dragon bites you but does no damage.
You barely miss the komodo dragon.
The komodo dragon is lightly wounded.
The boulder beetle leaps!
The komodo dragon barely misses you. You furiously retaliate!
You headbutt the komodo dragon! You barely miss the komodo dragon.
Your headbutt misses the komodo dragon.
The komodo dragon is moderately wounded.
You hit the komodo dragon. You burn the komodo dragon.
The komodo dragon is heavily wounded.
The komodo dragon bites you!
It was a potion of lignification.
You turn into a tree.
Your +0 cloak melds into your body.
Your +1 pair of gloves melds into your body.
Your +0 pair of boots melds into your body.
Your +0 scale mail melds into your body.
Your roots penetrate the ground.
The komodo dragon bites you!!
You barely miss the komodo dragon.
The komodo dragon is moderately wounded.
The howler monkey hoots and howls with incredible vigour!
The komodo dragon completely misses you.
You hear a bark! x2; You hear an angry hiss.
You hear a shout!
You barely miss the komodo dragon.
The komodo dragon is moderately wounded.
The komodo dragon bites you!
* * * LOW HITPOINT WARNING * * *
It was a potion of brilliance.
You feel clever all of a sudden. The komodo dragon bites you.
* * * LOW HITPOINT WARNING * * *
It was a potion of magic.
Magic courses through your body. The komodo dragon bites you!!
You die...

#.#..##R#.####
#.#####)##...#
##..##.####.###
###..###.....##
#####...##..##
##....##...##
#B.......#..#
)..##B####).###.#...
#)...l♣R...........
..).#.##...###..#...
..[:# ##....# .# #.#
........## ##
#.......## ##.....##
###.### ##.


You could see the friendly Titus the ancestor, a boulder beetle and a komodo
dragon (ally target).

Vanquished Creatures
  Pikel (D:4)
  The ghost of pigah the Changeling, an amateur OpSh of Gozag (D:3)
  A steam dragon (D:6)
  3 black bears
  A sky beast (D:6)
  4 ogres
  4 centaurs
  A lemure (D:4)
  A scorpion (D:6)
  A water moccasin zombie (D:3)
  A bullfrog zombie (D:3)
  A gnoll bouda (D:4)
  A bombardier beetle (D:3)
  4 hounds
  2 jellies
  An orc priest (D:6)
  3 sleepcaps
  An iguana (D:6)
  2 orc wizards (D:6)
  A killer bee zombie (D:3)
  Robin (D:4)
  5 gnolls
  6 adders
  A shadow imp (D:5)
  4 ufetubi
  2 ribbon worms (D:2)
  4 dart slugs
  15 orcs
  6 ball pythons
  5 bats
  8 endoplasms
  4 giant cockroaches
  15 goblins
  8 hobgoblins
  2 jackals (D:4)
  A quokka (D:5)
  14 frilled lizards
  7 kobolds
  5 rats
148 creatures vanquished.

Vanquished Creatures (collateral kills)
  A gnoll bouda (D:7)
  3 gnolls (D:7)
4 creatures vanquished.

Grand Total: 152 creatures vanquished

Notes
Turn   | Place    | Note
-------+----------+-------------------------------------------
     0 | D:1      | wildpjah the Minotaur Fighter began the quest for the Orb.
     0 | D:1      | Reached XP level 1. HP: 19/19 MP: 0/0
   280 | D:1      | Reached XP level 2. HP: 27/27 MP: 1/1
   361 | D:1      | Got the Monograph on Weird Causimancy
   528 | D:1      | Reached skill level 3 in Axes
   739 | D:1      | Reached XP level 3. HP: 33/33 MP: 2/2
  1130 | D:2      | Found a glowing golden altar of the Shining One.
  1337 | D:2      | Found a faded altar of an unknown god.
  1603 | D:2      | Reached XP level 4. HP: 31/40 MP: 3/3
  1917 | D:2      | Reached skill level 4 in Axes
  2172 | D:3      | Noticed pigah's ghost (amateur OpSh)
  2377 | D:3      | You fall into a shaft and drop 3 floors!
  2379 | D:6      | Noticed an ogre
  2390 | D:6      | Killed an ogre
  2391 | D:6      | Reached skill level 5 in Axes
  2391 | D:6      | Reached XP level 5. HP: 12/47 MP: 4/4
  2541 | D:6      | Noticed a black bear
  2541 | D:6      | Noticed an ogre
  2549 | D:6      | Killed an ogre
  2550 | D:6      | Reached XP level 6. HP: 42/53 MP: 5/5
  2551 | D:6      | Reached skill level 5 in Armour
  2551 | D:6      | Reached skill level 1 in Dodging
  2696 | D:5      | Entered Level 5 of the Dungeon
  2811 | D:5      | Reached skill level 6 in Axes
  2811 | D:5      | Reached XP level 7. HP: 53/60 MP: 6/6
  2826 | D:6      | Reached skill level 1 in Throwing
  2826 | D:6      | Reached skill level 5 in Shields
  2860 | D:6      | Noticed a steam dragon
  2869 | D:6      | Killed a steam dragon
  2870 | D:6      | Reached skill level 5 in Fighting
  3073 | D:5      | Found Obun's Antique Armour Shoppe.
  3083 | D:5      | Bought a pair of runed gloves for 172 gold pieces
  3156 | D:5      | Found a glowing silver altar of Zin.
  3219 | D:5      | Reached skill level 7 in Axes
  3680 | D:4      | Reached XP level 8. HP: 64/68 MP: 7/7
  3950 | D:4      | Noticed Robin
  3959 | D:4      | Killed Robin
  4062 | D:4      | Found a staircase to the Ecumenical Temple.
  4112 | Temple   | Entered the Ecumenical Temple
  4124 | Temple   | Became a worshipper of Hepliaklqana the Forgotten
  4209 | D:4      | Noticed Pikel
  4220 | D:4      | Killed Pikel
  4221 | D:4      | Reached skill level 8 in Axes
  4550 | D:3      | Found a runed translucent gate.
  4550 | D:3      | Found a runed translucent gate.
  4551 | D:3      | Found a runed translucent gate.
  4960 | D:3      | Killed pigah's ghost
  4961 | D:3      | Reached skill level 9 in Axes
  5063 | D:6      | Reached XP level 9. HP: 69/75 MP: 8/8
  5164 | D:6      | Found a blossoming altar of Fedhas.
  5355 | D:6      | Reached skill level 1 in Stealth
  5772 | D:6      | Reached * piety under Hepliaklqana
  5821 | D:6      | Reached skill level 10 in Axes
  5957 | D:7      | Reached skill level 1 in Maces & Flails
  6316 | D:7      | Noticed a komodo dragon
  6317 | D:7      | Noticed a troll
  6318 | D:7      | Noticed a boulder beetle
  6332 | D:7      | Slain by a komodo dragon

Illustrated notes

Levels and vault maps discovered:
D:1:      dpeg_arrival_circle_labyrinth_c, layout_loops_ring, minivault_27,
          minmay_misc_feat_square, minmay_lizard_king
D:2:      layout_basic, basic_altar, hellmonk_ecumenical_altar_slurped_away,
          reono_crystal_passage, minmay_increasing_density
D:3:      cheibrodos_old_hovel, layout_basic, gammafunk_ghost_necromancy
D:4:      layout_cave_pools, minmay_temple_entry_tees, minmay_misc_feat_columns,
          uniq_pikel, uniq_robin
D:5:      layout_basic, kennysheep_mini_moat, serial_shops,
          nicolae_shop_just_a_little_nook, kennysheep_boxes
D:6:      layout_loops_corners, kennysheep_mini, nicolae_figureground_pulse
D:7:      minmay_the_grid_octo_tiled_squarecenter [minmay_the_grid_octo_77,
          minmay_the_grid_octo_concentric, minmay_the_grid_octo_fan_narrow,
          minmay_the_grid_octo_tetromino_candy,
          minmay_the_grid_square_5x5_megaprize_crossed,
          minmay_the_grid_square_5x5_shrine1,
          minmay_the_grid_square_5x5_hollow_slash,
          minmay_the_grid_square_5x5_seven,
          minmay_the_grid_square_5x5_two_small], layout_basic,
          old_standard_altar
Temple:   nicolae_temple_superstar

Skill      XL: |  1  2  3  4  5  6  7  8  9 |
---------------+----------------------------+-----
Shields        | 4 5 6 |  6.0
Axes           | 3 5 6 7 9 10 | 10.2
Armour         | 4 5 6 7 8 |  8.2
Fighting       | 4 5 6 |  6.3
Dodging        | 1 2 3 |  3.6
Throwing       | 1 |  1.9
Stealth        | 1 |  1.0
Maces & Flails | 1 |  1.4

Action                     |  1- 3 |  4- 6 |  7- 9 || total
---------------------------+-------+-------+-------++-------
  Melee: War axe           |    74 |    67 |   153 ||   294
         Headbutt          |     7 |    11 |    32 ||    50
         Whip              |       |       |    57 ||    57
  Throw: Stone             |     7 |     3 |       ||    10
         Dart              |       |     2 |       ||     2
         Boomerang         |       |     1 |     7 ||     8
    Use: Potion            |       |     2 |     4 ||     6
 Armour: Scale mail        |    47 |    59 |   164 ||   270
         Skin              |       |       |     4 ||     4
  Dodge: Dodged            |    34 |    55 |   109 ||   198
  Block: Buckler           |    13 |    17 |    46 ||    76

Table legend: (Time is in decaauts)
 A = Elapsed time spent in this place.
 B = Non-inter-level travel time spent in this place.
 C = Inter-level travel time spent in this place.
 D = Time resting spent in this place.
 E = Time spent auto-exploring this place.
 F = Levels seen in this place.
 G = Mean time per level.
                   A        B        C        D        E       F      G
               +--------+--------+--------+--------+--------+-----+--------+
         Total |   6398 |   5918 |    480 |    518 |   4390 |   8 |  799.8 |
       Dungeon |   6373 |   5915 |    458 |    518 |   4390 |   7 |  910.4 |
        Temple |     24 |      2 |     22 |      0 |      0 |   1 |   24.0 |
               +--------+--------+--------+--------+--------+-----+--------+

Top non-repeatable levels by time:
     D:6: 1735 daAuts
     D:1: 1110 daAuts
     D:2: 1055 daAuts
     D:3: 955 daAuts
     D:4: 667 daAuts
     D:5: 644 daAuts
     D:7: 205 daAuts
  Temple: 24 daAuts
